 Dungeon Crawl Stone Soup version 0.29-a0-1027-gcd8c55af63 (webtiles) character file.

Game seed: 15630710802851147832

1346 greenreed the Ducker (level 8, 0/67 HPs)
             Began as a Gnoll Monk on Aug 13, 2022.
             Was a Believer of the Shining One.
             Succumbed to a kobold brigand's poison
             ... on level 6 of the Dungeon.
             The game lasted 00:16:37 (8260 turns).

greenreed the Ducker (Gnoll Monk)                   Turns: 8260, Time: 00:16:37

Health: 0/67       AC: 11    Str: 17    XL:     8   Next: 62%
Magic:  13/13      EV:  9    Int: 13    God:    the Shining One [**....]
Gold:   362        SH:  7    Dex: 14    Spells: 14/14 levels left

rFire   . . .      SeeInvis .   w - +0 flail
rCold   . . .      Faith    .   (no shield)
rNeg    + . .      Spirit   .   h - +0 chain mail
rPois   +          Reflect  .   x - +1 helmet of the Raven {rPois Str+4 Int+3}
rElec   .          Harm     .   (no cloak)
rCorr   .          Rampage  .   (no gloves)
Will    .....                   (no boots)
Stlth   ..........              (no amulet)
HPRegen 0.21/turn               (no ring)
MPRegen 0.13/turn               (no ring)

@: lethally poisoned (0 -> -1), divinely shielded, glowing
A: fangs 1, strong nose, distributed training
a: Renounce Religion, Divine Shield


You were on level 6 of the Dungeon.
You worshipped the Shining One.
The Shining One was pleased with you.
You visited 2 branches of the dungeon, and saw 7 of its levels.

You collected 362 gold pieces.

Inventory:

Hand Weapons
 a - a +0 mace
 w - a +0 flail (weapon)
Missiles
 t - 11 poisoned darts (quivered)
Armour
 b - a +0 robe
 h - a +0 chain mail (worn)
 x - the +1 helmet of the Raven (worn) {rPois Str+4 Int+3}
   (You took it off Robin on level 3 of the Dungeon)

   Str:       It affects your strength (+4).
   Int:       It affects your intelligence (+3).
   rPois:     It protects you from poison.
Wands
 C - a wand of flame (11)
Scrolls
 d - 2 scrolls of magic mapping {unknown}
 e - 4 scrolls of amnesia {unknown}
 g - a scroll of enchant armour {unknown}
 i - 3 scrolls of butterflies {unknown}
 k - a scroll of noise {unknown}
 m - 2 scrolls of poison {unknown}
 q - 2 scrolls of torment {unknown}
 r - 4 scrolls of identify {unknown}
 u - a scroll of immolation {unknown}
 v - 3 scrolls of vulnerability {unknown}
 y - 3 scrolls of teleportation {unknown}
Potions
 f - 2 potions of invisibility {unknown}
 j - 2 potions of degeneration {unknown}
 l - a potion of might {unknown}
 n - 3 potions of mutation {unknown}
 o - a potion of berserk rage {unknown}
 p - 3 potions of heal wounds {unknown}
 s - a potion of brilliance {unknown}
 z - a potion of cancellation {unknown}
 A - a potion of curing {unknown}
 B - a potion of lignification {unknown}


   Skills:
 + Level 7.5 Fighting
 + Level 3.5 Short Blades
 + Level 3.5 Long Blades
 + Level 3.5 Axes
 + Level 7.5 Maces & Flails
 + Level 3.5 Polearms
 + Level 3.5 Staves
 + Level 3.5 Ranged Weapons
 + Level 3.5 Throwing
 + Level 3.5 Armour
 + Level 7.5 Dodging
 + Level 5.5 Stealth
 + Level 3.5 Shields
 + Level 3.5 Unarmed Combat
 + Level 3.5 Spellcasting
 + Level 2.9 Conjurations
 + Level 2.9 Hexes
 + Level 2.9 Summonings
 + Level 2.9 Necromancy
 + Level 2.9 Translocations
 + Level 2.9 Transmutations
 + Level 2.9 Fire Magic
 + Level 2.9 Ice Magic
 + Level 2.9 Air Magic
 + Level 2.9 Earth Magic
 + Level 2.9 Poison Magic
 + Level 3.9 Invocations
 + Level 3.5 Evocations


You had 14 spell levels left.
You didn't know any spells.
Your spell library contained the following spells:

 Spells                   Type           Power      Damage    Failure   Level
 Necrotise                Necr           40%        1d6       67%         1
 Inner Flame              Hex/Fire       10%        N/A       95%         3
 Ozocubu's Armour         Ice            10%        N/A       95%         3
 Cause Fear               Hex            5%         N/A       100%        4
 Corpse Rot               Necr/Pois/Air  10%        N/A       100%        4
 Eringya's Noxious Bog    Tmut/Pois      5%         N/A       100%        6
 Ozocubu's Refrigeration  Ice            5%         4d8       100%        7
 Discord                  Hex            5%         N/A       100%        8
 Death's Door             Necr           5%         N/A       100%        9


Dungeon Overview and Level Annotations

Branches:
Dungeon (6/15)             Temple (1/1) D:4

Altars:
Ashenzari
Cheibriados
Dithmenos
Elyvilon
Fedhas
Gozag
Hepliaklqana
Kikubaaqudgha
Makhleb
Nemelex Xobeh
Okawaru
Qazlal
Ru
Sif Muna
Trog
Uskayaw
Vehumet
Wu Jian
Xom
Yredelemnul
Zin
The Shining One

Shops:
D:5 [


Innate Abilities, Weirdness & Mutations

You have very sharp teeth.
Your uncanny sense of smell can sniff out nearby items.
Your experience applies equally to all skills.


Message History

The kobold brigand hits you with a +0 whip.
* * * LOW HITPOINT WARNING * * *
The kobold brigand attacks as you move away!
The kobold brigand barely misses you.
The kobold brigand throws a poisoned dart.
The poisoned dart hits you!
You are poisoned.
You feel less invigorated.
You feel less confused.
You feel sick.
You feel sick.
You barely miss the kobold brigand.
The kobold brigand is almost dead.
You feel sick.
The kobold brigand hits you but does no damage.
You completely miss the kobold brigand.
The kobold brigand is almost dead.
You feel sick.
The centaur hits you from afar with the +9 trident "Nyeff" {pain, rPois Int+3 Dex+3}!
* * * LOW HITPOINT WARNING * * *
You writhe in agony.
* * * LOW HITPOINT WARNING * * *
The adder closely misses you. You block the centaur's attack.
The kobold brigand closely misses you.
* * * LOW HITPOINT WARNING * * *
You feel sick. The adder bites you but does no damage.
The centaur barely misses you. You block the kobold brigand's attack.
The kobold brigand attacks as you move away!
The kobold brigand hits you but does no damage.
* * * LOW HITPOINT WARNING * * *
You feel sick. The adder bites you but does no damage.
The centaur unwields the +9 trident "Nyeff" {pain, rPois Int+3 Dex+3}.
The centaur wields a +0 shortbow.
The centaur shoots an arrow.
You block the arrow.
The kobold brigand throws a poisoned dart.
The poisoned dart hits you!
Unknown command.
You hit the adder.
The adder is severely wounded.
You die...

#.##### # ##.#..#
## ##..####. #####
#..)#<.# #.##
##...####).>..##
#..#
##.....#....)...#
#..#
##..#.........##..
#..#
##..####......#####
##..####S@##
#.....##
##.##........##
##....#
........##.K.#
#....######
#..†.c.##
##.........
#..###..##
#....##### .....#
###.# ##...## #
####### #.## #....#
# #..# #...## #
#######..# ##.## #


You could see a kobold brigand, a centaur and an adder.

Vanquished Creatures
  A sky beast (D:6)
  A black bear (D:6)
  2 ogres
  A centaur (D:5)
  A gnoll sergeant (D:5)
  A necrophage (D:5)
  3 scorpions
  A hound (D:5)
  2 jellies (D:2)
  A gnoll bouda (D:6)
  2 iguanas (D:5)
  Natasha (thrice) (D:3)
  An orc wizard (D:4)
  Robin (D:3)
  14 gnolls
  3 adders
  A shadow imp (D:5)
  A white imp (D:5)
  2 worms
  9 dart slugs
  7 orcs
  10 ball pythons
  17 endoplasms
  5 giant cockroaches
  15 goblins
  11 hobgoblins
  2 jackals (D:3)
  13 kobolds
  4 quokkas
  4 bats
  5 frilled lizards
  13 rats
157 creatures vanquished.

Vanquished Creatures (others)
  An orc (D:6)
  A jackal (D:3)
  13 toadstools (D:2)
15 creatures vanquished.

Grand Total: 172 creatures vanquished

Notes
Turn   | Place    | Note
-------+----------+-------------------------------------------
     0 | D:1      | greenreed the Gnoll Monk began the quest for the Orb.
     0 | D:1      | Reached XP level 1. HP: 23/23 MP: 1/1
    52 | D:1      | Got the Octavo of the Valley of Death
   225 | D:1      | Reached XP level 2. HP: 28/29 MP: 2/2
   636 | D:1      | Reached XP level 3. HP: 33/35 MP: 3/3
   647 | D:1      | Found a faded altar of an unknown god.
   654 | D:1      | Prayed at the altar of an unknown god.
   654 | D:1      | Became a worshipper of Elyvilon the Healer
   654 | D:1      | Reached * piety under Elyvilon
   654 | D:1      | Reached ** piety under Elyvilon
   997 | D:1      | Reached skill level 1 in Invocations
  1280 | D:2      | Reached *** piety under Elyvilon
  1683 | D:2      | Reached skill level 1 in Short Blades
  1683 | D:2      | Reached skill level 1 in Long Blades
  1683 | D:2      | Reached skill level 1 in Axes
  1683 | D:2      | Reached skill level 1 in Polearms
  1683 | D:2      | Reached skill level 1 in Staves
  1683 | D:2      | Reached skill level 1 in Ranged Weapons
  1683 | D:2      | Reached skill level 1 in Throwing
  1683 | D:2      | Reached skill level 1 in Armour
  1683 | D:2      | Reached skill level 1 in Shields
  1683 | D:2      | Reached skill level 1 in Unarmed Combat
  1683 | D:2      | Reached skill level 1 in Spellcasting
  1683 | D:2      | Reached skill level 1 in Evocations
  1884 | D:2      | Reached XP level 4. HP: 13/41 MP: 0/5
  2257 | D:2      | Reached skill level 1 in Conjurations
  2257 | D:2      | Reached skill level 1 in Hexes
  2257 | D:2      | Reached skill level 1 in Summonings
  2257 | D:2      | Reached skill level 1 in Necromancy
  2257 | D:2      | Reached skill level 1 in Translocations
  2257 | D:2      | Reached skill level 1 in Transmutations
  2257 | D:2      | Reached skill level 1 in Fire Magic
  2257 | D:2      | Reached skill level 1 in Ice Magic
  2257 | D:2      | Reached skill level 1 in Air Magic
  2257 | D:2      | Reached skill level 1 in Earth Magic
  2257 | D:2      | Reached skill level 1 in Poison Magic
  2960 | D:2      | Reached XP level 5. HP: 33/47 MP: 5/7
  3705 | D:3      | HP: 2/47 [gnoll/+0 war axe (8)]
  3715 | D:3      | Reached XP level 6. HP: 26/53 MP: 3/8
  4414 | D:3      | Identified the +1 robe of Vohyleb {rC+}
  4477 | D:3      | Identified the +1 helmet of the Raven {rPois Str+4 Int+3}
  4477 | D:3      | Noticed Robin
  4478 | D:3      | Noticed Natasha
  4509 | D:3      | Killed Natasha
  4532 | D:3      | Killed Robin
  4723 | D:3      | Noticed Natasha
  4737 | D:3      | Killed Natasha
  4830 | D:3      | Noticed Natasha
  4838 | D:3      | Killed Natasha
  4977 | D:4      | Found a staircase to the Ecumenical Temple.
  5379 | D:4      | Reached XP level 7. HP: 35/60 MP: 10/10
  5672 | D:5      | Entered Level 5 of the Dungeon
  6026 | D:5      | Found a burning altar of Makhleb.
  6066 | D:5      | Reached skill level 5 in Stealth
  6737 | D:5      | Found Famatoth's Armour Boutique.
  6739 | D:5      | Found an iron altar of Okawaru.
  6776 | D:5      | Reached XP level 8. HP: 37/67 MP: 12/12
  6936 | D:5      | Reached **** piety under Elyvilon
  7047 | D:5      | Found a broken altar of Ashenzari.
  7091 | D:5      | Found a blossoming altar of Fedhas.
  7091 | D:5      | Found an ornate altar of the Wu Jian Council.
  7093 | D:5      | Found a shadowy altar of Dithmenos.
  7193 | Temple   | Entered the Ecumenical Temple
  7242 | Temple   | Fell from the grace of Elyvilon
  7242 | Temple   | Became a worshipper of the Shining One
  7242 | Temple   | Reached * piety under the Shining One
  7242 | Temple   | Reached ** piety under the Shining One
  8234 | D:6      | Identified the +9 trident "Nyeff" {pain, rPois Int+3 Dex+3}
  8257 | D:6      | HP: 3/67 [centaur/the +9 trident "Nyeff" {pain, rPois Int+3
                  | Dex+3} (1)]
  8259 | D:6      | HP: 1/67 [poisoned by a kobold brigand]
  8260 | D:6      | Succumbed to a kobold brigand's poison

Illustrated notes

Levels and vault maps discovered:
D:1:      dpeg_arrival_another_circle, layout_basic,
          nicolae_ecumenical_snake_handling, grunt_decor_resistance,
          chequers_serial_rivers_small_3
D:2:      cheibrodos_fertilizer, layout_loops_cross
D:3:      kennysheep_slugbush, layout_rooms, uniq_natasha, uniq_robin
D:4:      layout_loops_cross, minmay_temple_entry_from_below_a
D:5:      layout_cave_pools, minitemple,
          mainiacjoe_overflow_concentric_impassable, lemuel_crystal_altar,
          nicolae_take_the_stairs
D:6:      layout_layer_cave, minmay_checkerbox
Temple:   nicolae_temple_bog_church

Skill      XL: |  1  2  3  4  5  6  7 |
---------------+----------------------+-----
Invocations    | 1 2 3 |  3.9
Short Blades   | 1 2 3 |  3.5
Long Blades    | 1 2 3 |  3.5
Axes           | 1 2 3 |  3.5
Polearms       | 1 2 3 |  3.5
Staves         | 1 2 3 |  3.5
Ranged Weapons | 1 2 3 |  3.5
Throwing       | 1 2 3 |  3.5
Armour         | 1 2 3 |  3.5
Shields        | 1 2 3 |  3.5
Unarmed Combat | 1 2 3 |  3.5
Spellcasting   | 1 2 3 |  3.5
Evocations     | 1 2 3 |  3.5
Conjurations   | 1 2 |  2.9
Hexes          | 1 2 |  2.9
Summonings     | 1 2 |  2.9
Necromancy     | 1 2 |  2.9
Translocations | 1 2 |  2.9
Transmutations | 1 2 |  2.9
Fire Magic     | 1 2 |  2.9
Ice Magic      | 1 2 |  2.9
Air Magic      | 1 2 |  2.9
Earth Magic    | 1 2 |  2.9
Poison Magic   | 1 2 |  2.9
Fighting       | 7 |  7.5
Maces & Flails | 7 |  7.5
Dodging        | 7 |  7.5
Stealth        | 5 |  5.5

Action                   |  1- 3 |  4- 6 |  7- 9 || total
-------------------------+-------+-------+-------++-------
Melee: Mace              |   151 |   172 |       ||   323
       Bite              |    11 |    31 |    22 ||    64
       Punch             |     2 |    11 |     7 ||    20
       Flail             |       |   102 |   163 ||   265
Invok: Heal Self         |     1 |     6 |       ||     7
       Heal Other        |     1 |     1 |       ||     2
       Divine Shield     |       |       |     1 ||     1
  Use: Potion            |       |       |     1 ||     1
 Stab: Sleeping          |     3 |       |       ||     3
       Distracted        |       |       |     1 ||     1
Armor: Robe              |     5 |       |       ||     5
       Chain mail        |    71 |   163 |    82 ||   316
Dodge: Dodged            |    69 |   123 |    93 ||   285
Block: Other             |       |       |     5 ||     5

Table legend: (Time is in decaauts)
 A = Elapsed time spent in this place.
 B = Non-inter-level travel time spent in this place.
 C = Inter-level travel time spent in this place.
 D = Time resting spent in this place.
 E = Time spent auto-exploring this place.
 F = Levels seen in this place.
 G = Mean time per level.
                   A        B        C        D        E       F      G
               +--------+--------+--------+--------+--------+-----+--------+
         Total |   8338 |   7974 |    364 |   1208 |   5303 |   7 | 1191.1 |
       Dungeon |   8145 |   7811 |    334 |   1208 |   5154 |   6 | 1357.5 |
        Temple |    193 |    163 |     30 |      0 |    149 |   1 |  193.0 |
               +--------+--------+--------+--------+--------+-----+--------+

Top non-repeatable levels by time:
     D:2: 1898 daAuts
     D:1: 1600 daAuts
     D:5: 1573 daAuts
     D:3: 1430 daAuts
     D:4: 1099 daAuts
     D:6: 543 daAuts
  Temple: 193 daAuts
